 Dungeon Crawl Stone Soup version 0.29.1-15-g9cfb28693d (webtiles) character file.

Game seed: 10337610482933384665

4 Haiku the Vexing (level 1, -1/7 HPs)
             Began as a Felid Enchanter on Feb 28, 2023.
             Slain by a kobold
             ... wielding a +0 short sword
              (5 damage)
             ... on level 1 of the Dungeon.
             The game lasted 00:00:14 (47 turns).

Haiku the Vexing (Felid Enchanter)                    Turns: 47, Time: 00:00:14

Health: -1/7       AC:  1    Str:  4    XL:     1   Next: 50%
Magic:  4/4        EV: 17    Int: 16    God:
Gold:   23         SH:  0    Dex: 16    Spells: 4/4 levels left
                                        Lives:  0   Deaths: 0

rFire   . . .      SeeInvis +     - Unarmed
rCold   . . .      Faith    .   (shield unavailable)
rNeg    . . .      Spirit   .   (body armour unavailable)
rPois   .          Reflect  .   (helmet unavailable)
rElec   .          Harm     .   (cloak unavailable)
rCorr   .          Rampage  .   (gloves unavailable)
Will    .....                   (boots unavailable)
Stlth   +++.......              (no amulet)
HPRegen 0.02/turn               (no ring)
MPRegen 0.09/turn               (no ring)

@: quick
A: very small, claws 1, fangs 3, see invisible, speed 1, shaggy fur 1, stealthy
paws, no weapons or thrown items, no armour, multi-lived
a: no special abilities


You were on level 1 of the Dungeon.
You visited 1 branch of the dungeon, and saw 1 of its levels.

You collected 23 gold pieces.

Inventory:

Potions
 a - 2 potions of invisibility


   Skills:
 * Level 2.7 Dodging
 * Level 4.1 Stealth
 * Level 1.0 Unarmed Combat
 * Level 2.0 Spellcasting
 * Level 4.6 Hexes


You had 4 spell levels left.
You didn't know any spells.
Your spell library contained the following spells:

 Spells                   Type           Power      Damage    Failure   Level
 Confusing Touch          Hex            16%        N/A       10%         3
 Tukima's Dance           Hex            16%        N/A       10%         3
 Ensorcelled Hibernation  Hex/Ice        16%        N/A       12%         2
 Dazzling Flash           Conj/Hex       16%        N/A       24%         3


Dungeon Overview and Level Annotations

Branches:
Dungeon (1/15)

Altars:


Innate Abilities, Weirdness & Mutations

You have sharp claws.
You have razor-sharp teeth.
You have supernaturally acute eyesight. (SInv)
You cover ground quickly. (Speed+)
You are covered in fur. (AC +1)
Your paws help you pounce on unaware monsters.
You are incapable of wielding weapons or throwing items.
You cannot wear armour.
You gain extra lives every three experience levels.


Message History

You kill the ball python!
The quokka completely misses you.
You see here a ball python corpse.
You scratch the quokka.
The quokka is moderately wounded.
A ball python comes into view.
The quokka bites you.
You closely miss the quokka.
The quokka is moderately wounded.
The quokka closely misses you.
The ball python hisses angrily.
You scratch the quokka.
The quokka is almost dead.
The quokka closely misses you.
You scratch the quokka.
You kill the quokka!
You miss the goblin. The goblin barely misses you.
You barely miss the goblin. The goblin misses you.
You barely miss the goblin. The goblin closely misses you.
You scratch the goblin.
The goblin is heavily wounded.
The goblin misses you.
You closely miss the goblin.
The goblin is heavily wounded.
The goblin hits you with a +0 dagger.
You scratch the goblin.
You kill the goblin!
You scratch the ball python.
You kill the ball python!
Things that are here:
a +0 dagger; a ball python corpse; a quokka corpse
Found 13 gold pieces.
You see here 5 poisoned darts.
You now have 23 gold pieces (gained 13).
A kobold comes into view. It is wielding a +0 short sword.
The kobold shouts!
A kobold comes into view. It is wielding a +0 short sword.
The kobold hits you with a +0 short sword.
Ouch! That really hurt!
You die...

#.# #K# #.#.## #.#..
#.#.#####
########.#...... #.#####
.......K....# #.. ..#
........@...# #..##..
............#######......
......................##.
............#### #..#...
............# ###..~~
............# ###...~..
........(...# #...~~...
............#####..~.....
.............)†.#...~~~~~


You could see 2 kobolds.

Vanquished Creatures
  A goblin (D:1)
  A quokka (D:1)
  2 ball pythons (D:1)
4 creatures vanquished.

Notes
Turn   | Place    | Note
-------+----------+-------------------------------------------
     0 | D:1      | Haiku the Felid Enchanter began the quest for the Orb.
     0 | D:1      | Reached XP level 1. HP: 7/7 MP: 4/4
    47 | D:1      | Slain by a kobold

Illustrated notes

Levels and vault maps discovered:
D:1:      ebering_trefoil_3fold, layout_basic, serial_shops,
          nicolae_shop_behind_doors

Action                   || total
-------------------------++-------
Melee: Unarmed           ||    12
Dodge: Dodged            ||     7
